 Dungeon Crawl Stone Soup version 0.29-a0-870-g2c972031a6 (webtiles) character file.

Game seed: 10608159128380336431

102025 Zonian the Thaumaturge (level 15, -5/115 HPs)
             Began as a Demonspawn Ice Elementalist on July 17, 2022.
             Was the Champion of Vehumet.
             Constricted to death by Jorgrun (14 damage)
             ... while paralysed by an ogre mage
             ... on level 2 of the Orcish Mines.
             The game lasted 01:34:07 (35490 turns).

Zonian the Thaumaturge (DsIE)                      Turns: 35490, Time: 01:34:09

Health: -5/115     AC: 10    Str:  8    XL:     15   Next: 85%
Magic:  17/32      EV: -1    Int: 23    God:    Vehumet [******]
Gold:   1089       SH:  0    Dex: 19    Spells: 5/41 levels left

rFire   . . .      SeeInvis .   l - +9 dagger (drain)
rCold   . . .      Faith    .   i - +1 buckler
rNeg    . . .      Spirit   .   B - +3 leather armour {Will+}
rPois   .          Reflect  +   (helmet restricted)
rElec   +          Harm     .   V - scarf {repulsion}
rCorr   .          Rampage  .   b - +2 pair of gloves of the Scribe {Fly rElec Str-2 Slay+5}
Will    ++...                   z - +0 pair of boots
Stlth   ++++......              e - amulet of reflection
HPRegen 0.29/turn               p - +4 ring of evasion
MPRegen 0.23/turn               W - +6 ring of intelligence

@: paralysed, grasped by roots, flying, constricted, repel missiles
A: horns 2, repulsion field 1, foul stench 3, demonic magic 2
a: Renounce Religion


You were on level 2 of the Orcish Mines.
You worshipped Vehumet.
Vehumet was exalted by your worship.
You visited 3 branches of the dungeon, and saw 22 of its levels.

You collected 1569 gold pieces.
You spent 480 gold pieces at shops.

Inventory:

Hand Weapons
 c - a +2 dagger of protection
 j - a +5 quick blade
 l - a +9 dagger of draining (weapon)
 n - a +0 sling
 r - a +2 vampiric dagger
 H - a +0 scimitar of flaming
 N - the +6 broad axe "Undertaker" {freeze, Dex+4}
   (You found it on level 10 of the Dungeon)

   It freezes those it strikes, dealing additional cold damage.
   It can also slow down cold-blooded creatures.
   Dex:       It affects your dexterity (+4).
 Q - the +5 falchion "Bymian" {flame, +Blink Will+ SInv}
   (You took it off an orc on level 12 of the Dungeon)

   It burns those it strikes, dealing additional fire damage.
   Big, fiery blades are also staple armaments of hydra-hunters.
   SInv:      It lets you see invisible.
   +Blink:    It lets you blink.
   Will:      It increases your willpower.
Missiles
 k - 4 javelins
 v - 3 throwing nets
Armour
 b - the +2 pair of gloves of the Scribe (worn) {Fly rElec Str-2 Slay+5}
   (You acquired it on level 3 of the Dungeon)

   Str:       It affects your strength (-2).
   Slay:      It affects your accuracy & damage with ranged weapons and melee
   (+5).
   rElec:     It insulates you from electricity.
   Fly:       It grants you flight.
 i - a +1 buckler (worn)
 z - a +0 pair of boots (worn)
 B - a +3 leather armour of willpower (worn)
 V - a scarf of repulsion (worn)
Jewellery
 e - an amulet of reflection (around neck)
 p - a +4 ring of evasion (left hand)
 P - a ring of see invisible
 R - a ring of magical power
 W - a +6 ring of intelligence (right hand)
 Y - a ring of flight
Wands
 s - a wand of polymorph (19)
 E - a wand of flame (47)
 L - a wand of digging (2)
 M - a wand of charming (1)
 X - a wand of iceblast (5)
Scrolls
 a - 4 scrolls of identify
 f - 2 scrolls of teleportation
 h - 2 scrolls of immolation
 y - a scroll of magic mapping
 D - 2 scrolls of poison
 I - 3 scrolls of fear
 J - a scroll of fog
 K - 2 scrolls of blinking
Potions
 d - 2 potions of attraction
 g - 4 potions of heal wounds
 o - a potion of ambrosia
 q - 9 potions of curing
 t - 3 potions of mutation
 u - 7 potions of haste
 w - 6 potions of might
 x - a potion of magic
 C - 2 potions of cancellation
 F - 2 potions of brilliance
 G - 3 potions of berserk rage
 S - 2 potions of degeneration
 T - a potion of invisibility
 U - a potion of flight
 Z - 2 potions of lignification


   Skills:
 - Level 10.0 Fighting
 - Level 10.0 Short Blades
 - Level 8.0 Dodging
 - Level 8.0 Stealth
 - Level 4.0 Shields
 + Level 13.8 Spellcasting
 + Level 13.8 Conjurations
 - Level 5.0 Hexes
 - Level 8.0 Ice Magic


You had 5 spell levels left.
You knew the following spells:

 Your Spells              Type           Power      Damage    Failure   Level
a - Freeze                Ice            100%       1d11      1%          1
b - Frozen Ramparts       Ice            100%       1d12      1%          3
c - Ozocubu's Armour      Ice            51%        N/A       1%          3
d - Searing Ray           Conj           100%       2d8       1%          2
e - Hailstorm             Conj/Ice       60%        3d13      1%          4
f - Fulminant Prism       Conj/Hex       28%        3d14      1%          4
g - Inner Flame           Hex/Fire       27%        N/A       2%          3
h - Iskenderun's Mystic   Conj/Tloc      47%        2d10      1%          4
i - Orb of Destruction    Conj           34%        9d10      6%          7
j - Freezing Cloud        Conj/Ice/Air   24%        6-21      2%          5

Your spell library contained the following spells:

 Spells                   Type           Power      Damage    Failure   Level
 Ozocubu's Refrigeration  Ice            25%        4d10      50%         7
 Summon Small Mammal      Summ           60%        N/A       8%          1
 Summon Guardian Golem    Hex/Summ       27%        N/A       8%          3
 Cause Fear               Hex            19%        N/A       10%         4
 Blink                    Tloc           30%        N/A       11%         2
 Ice Form                 Ice/Tmut       34%        N/A       14%         4
 Call Canine Familiar     Summ           15%        N/A       22%         3
 Lesser Beckoning         Tloc           15%        N/A       22%         3
 Anguish                  Hex/Necr       13%        N/A       26%         4
 Lee's Rapid Deconstruct  Erth           7%         3d8*      45%         5
 Manifold Assault         Tloc           15%        N/A       90%         5
 Simulacrum               Ice/Necr       17%        N/A       91%         6
 Enfeeble                 Hex            19%        N/A       100%        7
 Discord                  Hex            19%        N/A       100%        8


Dungeon Overview and Level Annotations

Branches:
Dungeon (15/15)            Temple (0/1) D:7            Lair (5/5) D:11
 Shoals (0/4) Lair:2        Snake (0/4) Lair:2        Slime (0/5) Lair:4
    Orc (2/2) D:12            Elf (0/3) Orc:2        Vaults (0/5) D:14
 Depths (0/4) D:15

Altars:
Ashenzari
Cheibriados
Fedhas
Gozag
Okawaru
Qazlal
Trog
Uskayaw
Vehumet
Xom
Jiyva

Shops:
D:4 *   D:12 *

Annotations:
D:2 1 runed translucent door, Crazy Yiuf
D:10 2 runed translucent doors
D:14 Roxanne
Orc:2 Jorgrun


Innate Abilities, Weirdness & Mutations

You have a pair of horns on your head.
You are surrounded by a mild repulsion field. (EV +2)
You frequently emit foul miasma when damaged in melee.
Spells you cast may paralyse nearby enemies.


Message History

Jorgrun is knocked back by the mystic blast.
The mystic blast hits something.
Malevolent energies surge around you.
You hear a shout!
Unknown command.
Aiming: Iceblast
Press: ? - help, Shift-Dir - straight line, f - Jorgrun
Aim: Jorgrun, wielding a staff of earth and wearing a +0 robe (heavily wounded)
The mass of ice explodes!
The iceblast engulfs Jorgrun!
Jorgrun is severely wounded.
The grasping roots constrict you.
An ogre mage comes into view. It is wielding a +0 whip.
You hear some strange, mumbled words.
Something tries to affect you, but you resist.
Unknown command.
Aiming: Iceblast
Press: ? - help, Shift-Dir - straight line, f/p - Jorgrun
Aim: Jorgrun, wielding a staff of earth and wearing a +0 robe (severely wounded)
The mass of ice explodes!
The iceblast engulfs Jorgrun!
Jorgrun is severely wounded.
You hear a shout!
The grasping roots constrict you!
You hear some strange, mumbled words.
You suddenly lose the ability to move!
The two-headed ogre is no longer paralysed.
The grasping roots constrict you!
The ogre mage casts a spell.
The ogre mage flickers and vanishes!
You hear some strange, mumbled words.
A bolt of magma appears from out of thin air!
The bolt of magma hits you!
The grasping roots release their grip on you.
The two-headed ogre hits you with a +0 giant club!!
* * * LOW HITPOINT WARNING * * *
The two-headed ogre hits you with a +0 giant club!
* * * LOW HITPOINT WARNING * * *
Jorgrun points at you and mumbles some strange words.
Roots burst forth from the earth!
The grasping roots grab you! The grasping roots constrict you!
You die...

.......... ..$.
#..........#... ##
###..........#..
#..##.##$....#..#...
#..........)..#......
#.........#)..[......
#....[....[).[.......
..#..)#....)..[......
.....{[.[)O@g[[......
......[$)[)))........
#.......)).).........
...........{...#..#.#
......)$........##..#
##..................
##.............##.
#.............># .
#...#.........##


You could see Jorgrun and a two-headed ogre (fast).

Vanquished Creatures
  Rupert (D:14)
  An ironbound preserver (D:14)
  A fire dragon (D:14)
  11 hydras
  6 centaur warriors
  4 boulder beetles
  5 catoblepae
  4 ogre magi
  21 two-headed ogres
  7 death yaks (Lair:5)
  Erica (D:10)
  2 tengu warriors
  An orc high priest (Orc:1)
  Urug (Orc:2)
  A fire crab (shapeshifter) (D:15)
  3 skeletal warriors (D:12)
  A glowing orange brain (D:15)
  4 orc knights
  A deep elf pyromancer (D:11)
  10 cyclopes
  9 manticores
  3 orc sorcerers
  11 ugly things
  13 elephants
  A guardian serpent (Lair:2)
  5 black mambas
  3 cane toads
  2 gargoyles
  A cane toad (shapeshifter) (D:15)
  2 unseen horrors
  2 efreet
  3 rime drakes (D:10)
  7 komodo dragons
  A tengu conjurer (D:13)
  A yaktaur (D:10)
  2 trolls
  3 polar bears (D:10)
  2 hornets
  15 slime creatures
  13 blink frogs
  8 dream sheep
  A snapping turtle (Lair:2)
  2 shadows
  10 wyverns
  A vampire (D:11)
  58 yaks
  9 basilisks
  2 steam dragons
  10 wraiths
  An unseen horror simulacrum (D:10)
  4 wargs
  Edmund (D:6)
  3 acid dragons
  13 water moccasins
  15 orc warriors
  A black bear (shapeshifter) (D:13)
  A sky beast (D:6)
  2 black bears
  25 ogres
  15 centaurs
  2 kobold brigands (D:11)
  2 gnoll sergeants
  7 bullfrogs
  2 necrophages
  4 scorpions
  9 wights
  5 killer bees (D:9)
  A howler monkey (D:5)
  2 electric eels (Lair:2)
  5 hounds
  3 jellies
  11 orc priests
  3 gnoll boudas
  3 iguanas
  11 orc wizards
  15 gnolls
  4 adders
  2 white imps (D:7)
  2 worms
  A dart slug (D:5)
  59 orcs
  4 ball pythons
  12 endoplasms
  3 giant cockroaches
  5 goblins
  9 hobgoblins
  7 kobolds
  5 quokkas
  3 bats
  5 frilled lizards
  5 rats
578 creatures vanquished.

Vanquished Creatures (others)
  A hydra (D:14)
  An orc (D:10)
  2 bushes (D:11)
  A demonic plant (D:2)
  18 fulminant prisms
  15 fungi
  71 plants
109 creatures vanquished.

Grand Total: 687 creatures vanquished

Notes
Turn   | Place    | Note
-------+----------+-------------------------------------------
     0 | D:1      | Zonian the Demonspawn Ice Elementalist began the quest for
                  | the Orb.
     0 | D:1      | Reached XP level 1. HP: 13/13 MP: 3/3
   410 | D:1      | Gained mutation: You have a pair of small horns on your
                  | head. [demonic ancestry]
   410 | D:1      | Reached XP level 2. HP: 18/19 MP: 0/5
  1222 | D:2      | Found a runed translucent door.
  1223 | D:2      | Noticed Crazy Yiuf
  1312 | D:2      | Reached XP level 3. HP: 21/24 MP: 2/6
  1462 | D:2      | Found a faded altar of an unknown god.
  1506 | D:2      | Prayed at the altar of an unknown god.
  1506 | D:2      | Became a worshipper of Vehumet
  1506 | D:2      | Reached * piety under Vehumet
  1506 | D:2      | Offered knowledge of Foxfire by Vehumet.
  2236 | D:3      | Learned a level 3 spell: Ozocubu's Armour
  2240 | D:3      | Learned a level 3 spell: Frozen Ramparts
  3058 | D:3      | Reached XP level 4. HP: 30/30 MP: 8/8
  3333 | D:3      | Reached XP level 5. HP: 23/35 MP: 6/10
  3565 | D:3      | Identified a scroll of acquirement
  3565 | D:3      | Acquired the +2 pair of gloves of the Scribe {Fly rElec
                  | Str-2 Slay+5}
  3705 | D:4      | Offered knowledge of Searing Ray by Vehumet.
  3714 | D:4      | Reached ** piety under Vehumet
  3728 | D:4      | Reached skill level 5 in Ice Magic
  3982 | D:4      | Gained mutation: You may rarely emit foul miasma when
                  | damaged in melee. [demonic ancestry]
  3982 | D:4      | Reached XP level 6. HP: 40/41 MP: 12/12
  4136 | D:4      | Found Taimuz's General Store.
  4741 | D:4      | Reached skill level 5 in Spellcasting
  4741 | D:4      | Reached XP level 7. HP: 44/46 MP: 14/14
  4744 | D:4      | Learned a level 2 spell: Searing Ray
  4971 | D:4      | Reached skill level 1 in Conjurations
  5006 | D:5      | Entered Level 5 of the Dungeon
  5090 | D:5      | Reached skill level 1 in Short Blades
  5090 | D:5      | Found a snail-covered altar of Cheibriados.
  5636 | D:5      | Noticed a wyvern
  5742 | D:5      | Killed a wyvern
  5743 | D:5      | Gained mutation: You have a pair of horns on your head.
                  | [demonic ancestry]
  5743 | D:5      | Reached XP level 8. HP: 52/52 MP: 9/15
  5941 | D:5      | Found an iron altar of Okawaru.
  5947 | D:5      | Identified the +5 falchion of Bitootid {distort, rN+
                  | Stlth+}
  6500 | D:6      | Offered knowledge of Scorch by Vehumet.
  6501 | D:6      | Reached skill level 1 in Shields
  6648 | D:6      | Noticed Edmund
  6688 | D:6      | Identified the +8 quarterstaff "Spider's Nightmare" {pain,
                  | rC+}
  7440 | D:6      | Killed Edmund
  7441 | D:6      | Gained mutation: You sometimes emit foul miasma when
                  | damaged in melee. [demonic ancestry]
  7441 | D:6      | Reached XP level 9. HP: 56/57 MP: 11/17
  7499 | D:7      | Reached *** piety under Vehumet
  8022 | D:7      | Found a staircase to the Ecumenical Temple.
  8241 | D:7      | Reached skill level 5 in Conjurations
  8473 | D:7      | Found a shimmering altar of Xom.
  8687 | D:8      | Found a hide-covered altar of Uskayaw.
  8718 | D:8      | Found a broken altar of Ashenzari.
  8875 | D:8      | Noticed a cyclops
  8891 | D:8      | Killed a cyclops
  8892 | D:8      | Reached skill level 5 in Short Blades
 10275 | D:9      | Noticed a two-headed ogre
 10391 | D:9      | Killed a two-headed ogre
 10392 | D:9      | Gained mutation: Spells you cast may paralyse adjacent
                  | enemies. [demonic ancestry]
 10392 | D:9      | Reached XP level 10. HP: 34/63 MP: 9/22
 10423 | D:9      | Found a bloodstained altar of Trog.
 10547 | D:9      | Paralysed by a hornet for 3 turns
 10734 | D:9      | Noticed a manticore
 10749 | D:9      | Killed a manticore
 11054 | D:9      | Offered knowledge of Conjure Flame by Vehumet.
 11628 | D:9      | Reached skill level 10 in Spellcasting
 11635 | D:9      | Reached skill level 1 in Fighting
 12598 | D:9      | Noticed a cyclops
 12609 | D:9      | Killed a cyclops
 12610 | D:9      | Reached skill level 5 in Fighting
 12639 | D:9      | Learned a level 4 spell: Hailstorm
 12657 | D:10     | Entered Level 10 of the Dungeon
 12672 | D:10     | Reached **** piety under Vehumet
 12713 | D:10     | Found a stormy altar of Qazlal.
 12765 | D:10     | Gained mutation: You are surrounded by a mild repulsion
                  | field. (EV +2) [demonic ancestry]
 12765 | D:10     | Reached XP level 11. HP: 69/79 MP: 25/25
 12859 | D:10     | Noticed Erica
 12862 | D:10     | Offered knowledge of Fulminant Prism by Vehumet.
 12867 | D:10     | Killed Erica
 13424 | D:10     | Found an opulent altar of Gozag.
 13473 | D:10     | Noticed an ice dragon
 13712 | D:10     | Got the +6 broad axe "Undertaker" {freeze, Dex+4}
 13806 | D:10     | Found a large runed translucent door.
 13807 | D:10     | Found a large runed translucent door.
 13824 | D:10     | Found a large runed translucent door.
 13824 | D:10     | Found a large runed translucent door.
 14356 | D:10     | Found a blossoming altar of Fedhas.
 15065 | D:10     | Noticed an ogre mage
 15072 | D:10     | Killed an ogre mage
 15775 | D:10     | Identified the +7 battleaxe "Hainogur" {elec, rPois Int+2
                  | Dex-3}
 16451 | D:11     | Reached XP level 12. HP: 94/97 MP: 26/26
 16472 | D:11     | Noticed a seven-headed hydra
 16688 | D:11     | Reached skill level 10 in Fighting
 16693 | D:11     | Learned a level 4 spell: Fulminant Prism
 16707 | D:11     | You are sucked into a shaft and drop 2 floors!
 16875 | D:13     | Reached skill level 1 in Hexes
 17089 | D:11     | Noticed an eight-headed hydra
 17097 | D:11     | Killed an eight-headed hydra
 17257 | D:11     | Killed a seven-headed hydra
 17687 | D:11     | Found a staircase to the Lair.
 17887 | Lair:1   | Entered Level 1 of the Lair of Beasts
 18090 | Lair:1   | You are sucked into a shaft and drop 1 floor!
 18454 | Lair:2   | Learned a level 3 spell: Inner Flame
 18501 | Lair:2   | Reached skill level 5 in Hexes
 18829 | Lair:2   | Noticed a six-headed hydra
 18838 | Lair:2   | Killed a six-headed hydra
 18839 | Lair:2   | Reached skill level 10 in Conjurations
 19000 | Lair:1   | Noticed a seven-headed hydra
 19017 | Lair:1   | Killed a seven-headed hydra
 19418 | Lair:1   | Found a hide-covered altar of Uskayaw.
 19728 | Lair:1   | Noticed an eight-headed hydra
 19855 | Lair:1   | Killed an eight-headed hydra
 20683 | Lair:2   | Found a staircase to the Snake Pit.
 20823 | Lair:2   | Found a staircase to the Shoals.
 20834 | Lair:2   | Gained mutation: Spells you cast may paralyse nearby
                  | enemies. [demonic ancestry]
 20834 | Lair:2   | Reached XP level 13. HP: 63/103 MP: 27/27
 21954 | Lair:3   | Reached ***** piety under Vehumet
 21955 | Lair:3   | Offered knowledge of Orb of Destruction by Vehumet.
 22886 | Lair:4   | Reached skill level 10 in Short Blades
 23293 | Lair:4   | Found a viscous altar of Jiyva.
 23293 | Lair:4   | Found a staircase to the Slime Pits.
 23702 | Lair:4   | Reached skill level 5 in Dodging
 24241 | Lair:5   | Entered Level 5 of the Lair of Beasts
 26014 | Lair:5   | Gained mutation: You frequently emit foul miasma when
                  | damaged in melee. [demonic ancestry]
 26014 | Lair:5   | Reached XP level 14. HP: 99/110 MP: 28/28
 26179 | Lair:5   | Reached skill level 5 in Stealth
 28126 | D:12     | Identified the +5 falchion "Bymian" {flame, +Blink Will+
                  | SInv}
 28426 | D:12     | Found a staircase to the Orcish Mines.
 28470 | D:12     | Acquired a +5 quick blade
 28550 | D:12     | Found Janunkuampy's Pet Rocks.
 28594 | D:12     | Bought a book of Blasting for 480 gold pieces
 28599 | D:12     | Learned a level 4 spell: Iskenderun's Mystic Blast
 28607 | D:12     | Learned a level 7 spell: Orb of Destruction
 29104 | D:13     | Found a shimmering altar of Xom.
 29106 | D:13     | Found an opulent altar of Gozag.
 29108 | D:13     | Found a hide-covered altar of Uskayaw.
 29108 | D:13     | Found a shimmering altar of Xom.
 29579 | D:14     | Offered knowledge of Freezing Cloud by Vehumet.
 30414 | D:14     | Noticed Roxanne
 30854 | D:14     | Noticed an ironbound preserver
 30856 | D:14     | Found a gate to the Vaults.
 30983 | D:14     | Learned a level 5 spell: Freezing Cloud
 31104 | D:14     | Killed an ironbound preserver
 31707 | D:14     | Noticed Rupert
 31723 | D:14     | Killed Rupert
 31724 | D:14     | Reached XP level 15. HP: 115/115 MP: 31/31
 31754 | D:15     | Entered Level 15 of the Dungeon
 32567 | D:15     | Reached ****** piety under Vehumet
 33208 | D:15     | Found a staircase to the Depths.
 33749 | Orc:1    | Entered Level 1 of the Orcish Mines
 33763 | Orc:1    | Offered knowledge of Ozocubu's Refrigeration by Vehumet.
 34047 | Orc:2    | Entered Level 2 of the Orcish Mines
 34047 | Orc:2    | Noticed Urug
 34047 | Orc:2    | Found a staircase to the Elven Halls.
 34051 | Orc:2    | Killed Urug
 34114 | Orc:2    | Noticed Jorgrun
 34968 | Orc:2    | Paralysed by something for 2 turns
 35488 | Orc:2    | Paralysed by something for 4 turns
 35490 | Orc:2    | Constricted to death by Jorgrun

Illustrated notes

Levels and vault maps discovered:
D:1:      scummos_arrival_simple_fountains, layout_basic,
          minmay_misc_feat_more_columns
D:2:      layout_basic, shapermc_ecumenical_altar_flowoftime,
          uniq_crazy_yiuf_cottage
D:3:      minmay_skewed_foursquare, layout_basic, serial_park_tiny_pond
D:4:      layout_loops_cross, serial_shops, shop, st_stairs_1, minmay_cupped
D:5:      layout_cave_pods, okawaru_ov_weapons_minmay, cheibriados_altar_1,
          grunt_decor_resistance, minmay_misc_feat_roman, minmay_diced_spiral
D:6:      layout_basic, uniq_edmund
D:7:      hellmonk_ruined_rings, layout_cave_pools,
          mainiacjoe_overflow_alcove_1, temple_doors_e
D:8:      layout_basic, nicolae_ashenzari_panopticon, lemuel_crystal_altar,
          chequers_serial_rivers_large_b, dk_vineyard_1,
          minmay_sticks_and_stones
D:9:      layout_grid_maze, trog_book
D:10:     minmay_coctagon, layout_layer_cave,
          grunt_temple_overflow_gold_and_silver, fedhas_altar_1,
          amcnicky_altar_gilded, minmay_hollow_rounded_squares, uniq_erica
D:11:     layout_cave_pools, erik_lair_dragon, serial_park, serial_park_tiny_1,
          serial_park_tiny_2, serial_park_square3 [serial_park_minivault_5x5_5],
          serial_park_gazebo [serial_park_minivault_5x5_2], serial_park_square1
          [serial_park_minivault_5x5_4], dk_noncrumbling_3,
          corexii_corridor_pit, hangedman_abyss_or_decor_lesser_grid
D:12:     layout_loops_ring, hiddenorc1_lemuel, guppyfry_shop_earth
D:13:     layout_gridville, gauntlet_entry_generic, doesnt_xom_only_xom
D:14:     layout_rooms, skrybe_vaults_entry_preservation,
          chequers_serial_rivers_room_a, uniq_rupert, uniq_roxanne
D:15:     gammafunk_enter_depths_forms, layout_basic, kennysheep_crisscross
Lair:1:   beast_lair_carwin_large_2, layout_cave_pods, basic_altar,
          dreamdust_gnoll_shepherd
Lair:2:   layout_gridlike, minmay_shoals_entry_hut,
          minmay_snake_entry_spellcaster, minmay_holes, grunt_megastairs_5
Lair:3:   layout_roguey, serial_bayou_shore_a
Lair:4:   layout_cave_pods, minmay_slime_entry_pillars,
          infiniplex_staircase_pool
Lair:5:   evilmike_catoblepas_cave, layout_cave_pods,
          nicolae_lair_grazing_beasts [nicolae_sub_lair_graze_edge,
          nicolae_sub_lair_graze_edge, nicolae_sub_lair_graze_edge,
          nicolae_sub_lair_graze_edge]
Orc:1:    layout_diamond_mine
Orc:2:    st_orc_ogre_mass, layout_caves, david_defended_altar_orc,
          uniq_jorgrun, uniq_urug

Skill      XL: |  1  2  3  4  5  6  7  8  9 10 11 12 13 14 15 |
---------------+----------------------------------------------+-----
Stealth        | 2 4 8 |  8.0
Dodging        | 2 8 |  8.0
Ice Magic      | 4 5 6 7 8 |  8.0
Spellcasting   | 3 4 5 8 10 12 13 | 13.8
Conjurations   | 2 4 5 8 10 11 13 | 13.8
Short Blades   | 2 4 5 8 10 | 10.0
Shields        | 2 4 |  4.0
Fighting       | 5 9 10 | 10.0
Hexes          | 5 |  5.0

Action                   |  1- 3 |  4- 6 |  7- 9 | 10-12 | 13-15 || total
-------------------------+-------+-------+-------+-------+-------++-------
Melee: Dagger            |    37 |    76 |   186 |   436 |   834 ||  1569
       Headbutt          |     1 |     9 |    38 |   129 |   277 ||   454
       Punch             |       |       |     3 |       |       ||     3
Throw: Throwing net      |       |       |       |     1 |     1 ||     2
       Javelin           |       |       |       |     1 |       ||     1
 Cast: Freeze            |    50 |    13 |     7 |       |       ||    70
       Ozocubu's Armour  |       |     7 |     8 |    17 |    12 ||    44
       Frozen Ramparts   |       |     2 |    14 |    29 |    35 ||    80
       Searing Ray       |       |       |     3 |    17 |    27 ||    47
       Hailstorm         |       |       |       |     8 |    45 ||    53
       Fulminant Prism   |       |       |       |     3 |    15 ||    18
       Inner Flame       |       |       |       |     1 |    13 ||    14
       Iskenderun's Myst |       |       |       |       |    14 ||    14
       Freezing Cloud    |       |       |       |       |     2 ||     2
Evoke: Wand              |       |       |       |     9 |    37 ||    46
  Use: Potion            |       |     3 |       |     5 |     2 ||    10
       Scroll            |       |    14 |     9 |    16 |     9 ||    48
 Stab: Sleeping          |     3 |     5 |     4 |     1 |    20 ||    33
       Distracted        |       |     1 |       |       |       ||     1
       Paralysed         |       |       |       |    18 |    21 ||    39
       Held in net/web   |       |       |       |       |     1 ||     1
Armor: Robe              |     6 |     7 |    11 |       |       ||    24
       Leather armour    |       |       |    11 |    89 |    67 ||   167
Dodge: Dodged            |    36 |    48 |    85 |   226 |   333 ||   728
       Repelled          |       |       |       |       |     3 ||     3
Block: Other             |       |     5 |    11 |       |       ||    16
       Buckler           |       |       |    55 |   200 |   270 ||   525
       Reflection        |       |       |     8 |    10 |    30 ||    48

Table legend: (Time is in decaauts)
 A = Elapsed time spent in this place.
 B = Non-inter-level travel time spent in this place.
 C = Inter-level travel time spent in this place.
 D = Time resting spent in this place.
 E = Time spent auto-exploring this place.
 F = Levels seen in this place.
 G = Mean time per level.
                   A        B        C        D        E       F      G
               +--------+--------+--------+--------+--------+-----+--------+
         Total |  34983 |  34070 |    913 |  15027 |  13233 |  22 | 1590.1 |
       Dungeon |  23866 |  23211 |    655 |   9749 |   9279 |  15 | 1591.1 |
          Lair |   9413 |   9175 |    238 |   4046 |   3705 |   5 | 1882.6 |
  Orcish Mines |   1703 |   1685 |     18 |   1232 |    249 |   2 |  851.5 |
               +--------+--------+--------+--------+--------+-----+--------+

Top non-repeatable levels by time:
    D:10: 3154 daAuts
  Lair:5: 3055 daAuts
     D:8: 2101 daAuts
  Lair:2: 2077 daAuts
     D:9: 1956 daAuts
    D:11: 1880 daAuts
    D:15: 1863 daAuts
     D:3: 1718 daAuts
   Orc:1: 1582 daAuts
  Lair:1: 1569 daAuts
    D:14: 1537 daAuts
    D:13: 1533 daAuts
     D:4: 1514 daAuts
     D:6: 1485 daAuts
  Lair:4: 1452 daAuts
